 Dungeon Crawl Stone Soup version 0.30-a0-756-gc2185399d4 (webtiles) character file.

Game seed: 13391453634608728261

7168 Leeroy the Thaumaturge (level 11, 0/52 HPs)
             Began as a Vine Stalker Warper on Feb 9, 2023.
             Was a Believer of Uskayaw.
             Slain by a seven-headed hydra (5 damage)
             ... on level 9 of the Dungeon.
             The game lasted 00:17:29 (8742 turns).

Leeroy the Thaumaturge (Vine Stalker Warper)        Turns: 8742, Time: 00:17:29

Health: 0/52       AC:  9    Str: 16    XL:     11   Next: 11%
Magic:  0/35       EV: 11    Int: 13    God:    Uskayaw [**....]
Gold:   205        SH:  0    Dex: 19    Spells: 19/31 levels left

rFire   . . .      SeeInvis +    J - +1 short sword (vamp)
rCold   + . .      Faith    .    (no shield)
rNeg    + . .      Spirit   +    N - +3 ring mail "Wekhlubo" {Regen+ SInv}
rPois   .          Reflect  .    (no helmet)
rElec   .          Harm     .    q - +0 cloak
rCorr   .          Rampage  .    (no gloves)
Will    +....                    (no boots)
Stlth   ++                       l - amulet of regeneration
HPRegen 2.68/turn                i - ring of positive energy
MPRegen 0.24/turn                y - ring "Tuat" {rC+ MP+9 Str+3}

@: no status effects
A: fangs 3, regeneration 1, magic shield, antimagic bite, no potion heal 2
a: Renounce Religion, Stomp, Line Pass


You were on level 9 of the Dungeon.
You worshipped Uskayaw.
Uskayaw was noncommittal.
You visited 1 branch of the dungeon, and saw 9 of its levels.

You collected 597 gold pieces.
You spent 392 gold pieces at shops.

Inventory:

Hand Weapons
 a - a +0 falchion
 c - a +0 long sword
 o - a +1 dagger of speed
 F - a +0 scimitar
 J - a +1 vampiric short sword (weapon)
 P - a +0 dagger of draining
 R - a +0 scimitar of flaming
Missiles
 d - 3 boomerangs of dispersal
 p - 13 poisoned darts
 s - 2 javelins
 A - 4 boomerangs
 I - 3 silver boomerangs
 K - a curare-tipped dart (quivered)
Armour
 b - a +0 leather armour
 q - a +0 cloak (worn)
 N - the +3 ring mail "Wekhlubo" (worn) {Regen+ SInv}
   (You bought it in a shop on level 8 of the Dungeon)

   SInv:      It lets you see invisible.
   Regen:     It increases your rate of health regeneration.
Jewellery
 i - a ring of positive energy (left hand)
 l - an amulet of regeneration (around neck)
 x - a ring of protection from cold
 y - the ring "Tuat" (right hand) {rC+ MP+9 Str+3}
   (You found it on level 4 of the Dungeon)

   [ring of magical power]

   Str:       It affects your strength (+3).
   rC:        It protects you from cold.
   MP:        It affects your magic capacity (+9).
 M - a ring of ice
 O - a +4 ring of protection
Wands
 t - a wand of polymorph (13)
Scrolls
 f - a scroll of summoning {unknown}
 h - 11 scrolls of identify {unknown}
 j - 2 scrolls of enchant weapon {unknown}
 m - a scroll of magic mapping {unknown}
 n - 4 scrolls of teleportation {unknown}
 r - 2 scrolls of amnesia {unknown}
 C - 2 scrolls of vulnerability {unknown}
Potions
 e - 5 potions of curing
 g - 4 potions of heal wounds {unknown}
 k - 3 potions of brilliance {unknown}
 u - a potion of lignification {unknown}
 v - a potion of attraction {unknown}
 w - a potion of resistance {unknown}
 z - 2 potions of haste {unknown}
 B - a potion of invisibility {unknown}
 D - a potion of berserk rage {unknown}
 E - 3 potions of might {unknown}
 G - a potion of mutation {unknown}
 H - a potion of flight {unknown}
 L - a potion of degeneration {unknown}
 Q - a potion of cancellation {unknown}


   Skills:
 + Level 3.6 Fighting
 - Level 10.1 Long Blades
 - Level 0.8 Throwing
 - Level 0.7 Armour
 - Level 1.5 Dodging
 - Level 3.0 Stealth
 - Level 10.6 Spellcasting
 - Level 3.0 Translocations
 - Level 6.3 Invocations


You had 19 spell levels left.
You knew the following spells:

 Your Spells              Type           Power      Damage    Failure   Level
a - Blink                 Tloc           28%        N/A       9%          2
b - Vhi's Electric Charg  Tloc/Air       20%        N/A       32%         3
c - Manifold Assault      Tloc           14%        N/A       52%         4
d - Vampiric Draining     Necr           6%         2d6       52%         3

Your spell library contained the following spells:

 Spells                   Type           Power      Damage    Failure   Level
 Apportation              Tloc           28%        N/A       6%          1
 Lesser Beckoning         Tloc           28%        N/A       9%          2
 Gell's Gravitas          Tloc           14%        N/A       19%         3
 Teleport Other           Tloc           14%        N/A       19%         3
 Sandblast                Erth           12%        2d6       21%         1
 Slow                     Hex            24%        N/A       21%         1
 Ensorcelled Hibernation  Hex/Ice        12%        N/A       30%         2
 Passwall                 Tmut/Erth      5%         N/A       30%         2
 Confusing Touch          Hex            6%         N/A       52%         3
 Stone Arrow              Conj/Erth      12%        3d7       52%         3
 Swiftness                Air            6%         N/A       52%         3
 Alistair's Intoxication  Tmut/Pois      4%         N/A       99%         5


Dungeon Overview and Level Annotations

Branches:
Dungeon (9/15)             Temple (0/1) D:7            Lair (0/5) D:9
    Orc: D:9-12

Altars:
Cheibriados
Gozag
Hepliaklqana
Makhleb
Qazlal
Uskayaw
Wu Jian
Xom
Zin

Shops:
D:4 [   D:8 [((*

Annotations:
D:5 1 runed translucent door, Crazy Yiuf
D:6 1 runed translucent door


Innate Abilities, Weirdness & Mutations

You have razor-sharp teeth.
Your natural rate of healing is unusually fast.
When hurt, damage is shared between your health and your magic reserves.
Your bite disrupts and absorbs the magic of your enemies.
Potions cannot restore your health.


Message History

Found an amethyst potion.
You barely miss the seven-headed hydra.
You bite the seven-headed hydra, but do no damage.
The seven-headed hydra barely misses you.
The seven-headed hydra bites you. The seven-headed hydra misses you.
The seven-headed hydra bites you!
The seven-headed hydra closely misses you. x2
The seven-headed hydra bites you.
You hit the seven-headed hydra. You bite the seven-headed hydra.
You drain its power.
You feel invigorated.
The seven-headed hydra is lightly wounded.
The seven-headed hydra bites you. x2
The seven-headed hydra bites you but does no damage.
The seven-headed hydra bites you!
The seven-headed hydra bites you but does no damage.
The seven-headed hydra bites you.
The seven-headed hydra bites you but does no damage.
You hit the seven-headed hydra but do no damage.
You bite the seven-headed hydra. You drain its power.
You feel invigorated.
The seven-headed hydra is moderately wounded.
You puncture the seven-headed hydra!
You feel better.
The seven-headed hydra is moderately wounded.
The seven-headed hydra barely misses you.
The seven-headed hydra bites you!
The seven-headed hydra barely misses you. x4
The seven-headed hydra bites you!
You can now pass through a line of other dancers.
You barely miss the seven-headed hydra.
Your bite misses the seven-headed hydra.
The seven-headed hydra is moderately wounded.
The seven-headed hydra bites you!
The seven-headed hydra bites you but does no damage.
The seven-headed hydra bites you!
* * * LOW HITPOINT WARNING * * *
The seven-headed hydra bites you but does no damage.
The seven-headed hydra bites you!
* * * LOW HITPOINT WARNING * * *
The seven-headed hydra bites you.
* * * LOW HITPOINT WARNING * * *
The seven-headed hydra bites you!
You die...

#...)...##.....>....
#...#...#.#.#######.
######'#####.# #.
#!. #...#.#.## #.
+.. #.).#..## ...
#:. #...#..# #.#.
######'##..# ...P
#...#...#..# #..
+.D@'°..#..#####.###
#...#...#...........
######'##.######.##
.>.........#
....######## ##


You could see a seven-headed hydra.

Vanquished Creatures
  A two-headed ogre (D:9)
  A centaur warrior (D:9)
  A deep elf pyromancer (D:9)
  An efreet (D:9)
  A troll (D:9)
  3 wyverns
  A basilisk (D:9)
  9 water moccasins
  3 orc warriors
  An ice beast (D:6)
  4 sky beasts
  3 black bears
  A tengu (D:8)
  2 wolves (D:9)
  An ogre (D:6)
  4 centaurs
  2 phantoms (D:5)
  2 kobold brigands
  A gnoll sergeant (D:9)
  3 bullfrogs
  4 scorpions
  6 howler monkeys
  2 quasits (D:6)
  4 hounds
  4 orc priests
  3 jellies
  An iguana (D:7)
  Jessica (D:2)
  5 orc wizards
  Natasha (thrice) (D:2)
  Robin (D:2)
  6 adders
  5 gnolls (D:9)
  4 shadow imps (D:6)
  4 white imps (D:6)
  An ufetubus (D:6)
  A worm (D:3)
  A dart slug (D:1)
  28 orcs
  5 endoplasms
  14 giant cockroaches
  9 goblins
  16 hobgoblins
  3 jackals (D:4)
  6 quokkas
  2 ball pythons
  7 bats
  2 frilled lizards
  12 kobolds
  6 rats
  2 butterflies (D:6)
213 creatures vanquished.

Vanquished Creatures (others)
  An orc wizard (D:7)
  3 demonic plants (D:6)
  7 fungi
  17 plants
28 creatures vanquished.

Grand Total: 241 creatures vanquished

Notes
Turn   | Place    | Note
-------+----------+-------------------------------------------
     0 | D:1      | Leeroy the Vine Stalker Warper began the quest for the Orb.
     0 | D:1      | Reached XP level 1. HP: 11/11 MP: 4/4
   361 | D:1      | Reached XP level 2. HP: 15/15 MP: 6/6
  1012 | D:1      | Found a faded altar of an unknown god.
  1104 | D:2      | Reached XP level 3. HP: 16/18 MP: 5/7
  1182 | D:2      | Noticed Robin
  1354 | D:2      | Killed Robin
  1499 | D:2      | Found a shimmering altar of Xom.
  1596 | D:2      | Gained mutation: Your natural rate of healing is unusually
                  | fast. [Vine Stalker growth]
  1596 | D:2      | Reached XP level 4. HP: 23/23 MP: 6/8
  1599 | D:2      | Learned a level 2 spell: Blink
  1603 | D:2      | Learned a level 3 spell: Vhi's Electric Charge
  1637 | D:2      | Noticed Jessica
  1642 | D:2      | Killed Jessica
  1740 | D:2      | Noticed Natasha
  1747 | D:2      | Killed Natasha
  1748 | D:2      | Reached XP level 5. HP: 26/26 MP: 9/9
  1875 | D:2      | Noticed Natasha
  1902 | D:2      | Killed Natasha
  1908 | D:2      | Noticed Natasha
  1919 | D:2      | Killed Natasha
  1920 | D:2      | Reached skill level 5 in Long Blades
  2392 | D:3      | Found a hide-covered altar of Uskayaw.
  2511 | D:3      | Became a worshipper of Uskayaw the Reveller
  2961 | D:3      | Found a snail-covered altar of Cheibriados.
  2964 | D:3      | Found an ornate altar of the Wu Jian Council.
  2968 | D:3      | Found a stormy altar of Qazlal.
  3024 | D:4      | Reached * piety under Uskayaw
  3030 | D:4      | Reached ** piety under Uskayaw
  3040 | D:4      | Reached *** piety under Uskayaw
  3042 | D:4      | Reached XP level 6. HP: 28/30 MP: 8/10
  3082 | D:4      | Identified the ring "Tuat" {rC+ MP+9 Str+3}
  3221 | D:4      | Found Ifinump's Antique Armour Emporium.
  3437 | D:4      | Learned a level 4 spell: Manifold Assault
  3919 | D:5      | Entered Level 5 of the Dungeon
  4010 | D:5      | Reached XP level 7. HP: 33/34 MP: 11/11
  4023 | D:5      | Reached **** piety under Uskayaw
  4032 | D:5      | Reached ***** piety under Uskayaw
  4384 | D:5      | Found a runed translucent door.
  4384 | D:5      | Noticed Crazy Yiuf
  5035 | D:5      | Gained mutation: You have razor-sharp teeth. [Vine Stalker
                  | growth]
  5035 | D:5      | Reached XP level 8. HP: 34/38 MP: 12/12
  5070 | D:6      | HP: 1/38 [orc warrior/+0 trident (5)]
  5478 | D:6      | Reached ****** piety under Uskayaw
  5545 | D:6      | Reached skill level 10 in Long Blades
  5883 | D:6      | Found a hazy altar of Hepliaklqana.
  5948 | D:6      | Found a glowing silver altar of Zin.
  6077 | D:6      | Reached XP level 9. HP: 30/42 MP: 13/15
  6196 | D:6      | Found a runed translucent door.
  6198 | D:6      | Found a runed translucent door.
  6343 | D:7      | Reached skill level 5 in Spellcasting
  6517 | D:7      | Learned a level 3 spell: Vampiric Draining
  6583 | D:7      | Found a staircase to the Ecumenical Temple.
  6760 | D:7      | Found an opulent altar of Gozag.
  6968 | D:8      | Found Nustra's Armour Shop.
  7192 | D:8      | Bought the +3 ring mail "Wekhlubo" {Regen+ SInv} for 392
                  | gold pieces
  7474 | D:8      | Found Xucsust's Weapon Boutique.
  7667 | D:8      | Found Osapiq's General Store.
  7692 | D:8      | Noticed a hornet
  7721 | D:8      | Paralysed by a hornet for 3 turns
  7727 | D:8      | a hornet changed into a tengu
  7822 | D:8      | Found Bimav's Weapon Shop.
  7898 | D:8      | Found a burning altar of Makhleb.
  7898 | D:8      | Noticed a green death
  7993 | D:8      | Reached XP level 10. HP: 38/46 MP: 23/23
  8288 | D:9      | Found a staircase to the Lair.
  8291 | D:9      | Noticed a two-headed ogre
  8332 | D:9      | Reached skill level 10 in Spellcasting
  8377 | D:9      | Killed a two-headed ogre
  8634 | D:9      | Reached skill level 5 in Invocations
  8680 | D:9      | Noticed a centaur warrior
  8690 | D:9      | Killed a centaur warrior
  8691 | D:9      | Reached XP level 11. HP: 47/50 MP: 26/26
  8716 | D:9      | Noticed a deep elf pyromancer
  8725 | D:9      | Killed a deep elf pyromancer
  8737 | D:9      | Noticed a seven-headed hydra
  8738 | D:9      | Noticed a skeletal warrior
  8742 | D:9      | Slain by a seven-headed hydra

Illustrated notes

Levels and vault maps discovered:
D:1:      elethiomel_arrival_maze, layout_loops_corners,
          shapermc_ecumenical_altar_petra
D:2:      layout_rooms, basic_altar, uniq_natasha, uniq_jessica, uniq_robin
D:3:      layout_loops_corners, grunt_temple_overflow_diamond,
          mainiacjoe_overflow_concentric_impassable
D:4:      layout_cave_pods, serial_shops,
          nicolae_shop_temple_entry_statues_fountains
D:5:      layout_loops_ring, water_maze_lemuel, uniq_crazy_yiuf_cottage
D:6:      lemuel_insect_pit, layout_cave_pools, nzn_hepliaklqana_mist_gate,
          zin_treasury, serial_demonic, serial_demonic_e, serial_demonic_f,
          serial_demonic_g, serial_demonic_c, minmay_starry_boxes
D:7:      layout_rooms, mainiacjoe_overflow_alcove_4,
          minmay_temple_entry_stoned_glass
D:8:      layout_loops_ring, makhleb_altar_promises_db, serial_shops, shop,
          kennysheep_mini, shop, shop
D:9:      layout_loops_ring, minmay_lair_entry_grove, minmay_tree_intersection,
          minmay_evil_grid

Skill      XL: |  1  2  3  4  5  6  7  8  9 10 11 |
---------------+----------------------------------+-----
Long Blades    | 2 3 4 5 6 8 10 | 10.1
Spellcasting   | 3 8 10 | 10.6
Stealth        | 3 |  3.0
Invocations    | 6 |  6.3
Fighting       | 3 |  3.6
Throwing       | |  0.8
Armour         | |  0.7
Dodging        | |  1.5
Translocations | |  3.0

Action                     |  1- 3 |  4- 6 |  7- 9 | 10-12 || total
---------------------------+-------+-------+-------+-------++-------
  Melee: Falchion          |    80 |       |       |       ||    80
         Bite              |    32 |    68 |   188 |   101 ||   389
         Dagger            |    49 |   255 |   581 |   170 ||  1055
         Punch             |     1 |     6 |    14 |       ||    21
         Short sword       |       |       |       |    72 ||    72
  Throw: Boomerang         |       |       |     4 |       ||     4
         Javelin           |       |       |     3 |       ||     3
         Dart              |       |       |       |     1 ||     1
   Cast: Blink             |       |       |     2 |     2 ||     4
         Vhi's Electric Ch |       |       |       |     1 ||     1
  Evoke: Wand              |       |       |     1 |       ||     1
    Use: Scroll            |     1 |       |     1 |       ||     2
         Potion            |       |       |     1 |       ||     1
   Stab: Sleeping          |     1 |     1 |       |     1 ||     3
         Paralysed         |       |     3 |    22 |     6 ||    31
 Armour: Leather armour    |    31 |    48 |    68 |       ||   147
         Ring mail         |       |       |    24 |    62 ||    86
  Dodge: Dodged            |    69 |    98 |   143 |    93 ||   403

Table legend: (Time is in decaauts)
 A = Elapsed time spent in this place.
 B = Non-inter-level travel time spent in this place.
 C = Inter-level travel time spent in this place.
 D = Time resting spent in this place.
 E = Time spent auto-exploring this place.
 F = Levels seen in this place.
 G = Mean time per level.
                   A        B        C        D        E       F      G
               +--------+--------+--------+--------+--------+-----+--------+
         Total |   8166 |   7460 |    706 |    445 |   5570 |   9 |  907.3 |
       Dungeon |   8166 |   7460 |    706 |    445 |   5570 |   9 |  907.3 |
               +--------+--------+--------+--------+--------+-----+--------+

Top non-repeatable levels by time:
     D:5: 1298 daAuts
     D:1: 1243 daAuts
     D:3: 1058 daAuts
     D:8: 999 daAuts
     D:6: 993 daAuts
     D:4: 908 daAuts
     D:2: 665 daAuts
     D:7: 642 daAuts
     D:9: 358 daAuts
